 Dungeon Crawl Stone Soup version 0.27.1-34-g3ba077fa99 (webtiles) character file.

Game seed: 4101440947066531741

85 safid the Shield-Bearer (level 4, 0/40 HPs)
             Began as a Hill Orc Fighter on Jan 17, 2022.
             Was an Initiate of Beogh.
             Slain by a gnoll (1 damage)
             ... on level 5 of the Dungeon.
             The game lasted 00:04:36 (2157 turns).

safid the Shield-Bearer (Hill Orc Fighter)          Turns: 2157, Time: 00:04:38

Health: 0/40       AC:  7    Str: 19    XL:     4   Next: 48%
Magic:  4/4        EV: 22    Int:  8    God:    Beogh [......]
Gold:   71         SH: 10    Dex: 16    Spells: 3/3 levels left

rFire    . . .     SeeInvis .   k - +1 whip (venom)
rCold    . . .     Faith    .   c - +0 kite shield
rNeg     . . .     Spirit   .   b - +0 scale mail
rPois    .         Reflect  .   (no helmet)
rElec    .         Harm     .   (no cloak)
rCorr    .         Rampage  .   (no gloves)
Will     .....                  (no boots)
Stlth    ..........             l - amulet of the acrobat
HPRegen  0.13/turn              j - +6 ring of dexterity
MPRegen  0.09/turn              (no ring)

@: acrobatic
A: no striking features
a: Renounce Religion


You were on level 5 of the Dungeon.
You worshipped Beogh.
Beogh was noncommittal.
You visited 1 branch of the dungeon, and saw 4 of its levels.

You collected 71 gold pieces.

Inventory:

Hand Weapons
 a - a +0 war axe
 k - a +1 whip of venom (weapon)
Armour
 b - a +0 scale mail (worn)
 c - a +0 kite shield (worn)
Jewellery
 j - a +6 ring of dexterity (left hand)
 l - an amulet of the acrobat (around neck)
Scrolls
 e - 4 scrolls of identify {unknown}
 g - 2 scrolls of blinking {unknown}
 h - a scroll of fear {unknown}
 n - 2 scrolls of amnesia {unknown}
 q - a scroll of teleportation {unknown}
Potions
 d - a potion of might
 f - a potion of degeneration {unknown}
 i - a potion of invisibility {unknown}
 m - 2 potions of berserk rage {unknown}
 o - a potion of heal wounds {unknown}
 p - a potion of lignification {unknown}


   Skills:
 - Level 4.0 Fighting
 + Level 4.0 Axes
 - Level 4.0 Armour
 + Level 4.2 Shields


You had 3 spell levels left.
You didn't know any spells.
Your spell library was empty.

Dungeon Overview and Level Annotations

Branches:
Dungeon (3/15)             Temple (0/1) D:5

Altars:
Elyvilon


Message History

There is a staircase to the Ecumenical Temple here.
The gnoll shaman calls upon its god to heal something.
The gnoll shaman calls upon its god to speed up the gnoll.
The gnoll seems to speed up.
The gnoll misses you.
There is a shaft here.
You block the gnoll's attack. The gnoll completely misses you.
The gnoll falls through a shaft!
The shaft crumbles and collapses.
The gnoll hits you from afar with a +0 halberd.
The gnoll shaman calls upon its god to heal the gnoll.
The gnoll's wounds heal themselves!
You block the gnoll's attack.
You are no longer glowing.
The gnoll closely misses you. The gnoll hits you but does no damage.
The gnoll hits you from afar with a +0 spear.
* * * LOW HITPOINT WARNING * * *
The gnoll closely misses you.
An orc and a white imp come into view.
The orc shouts!
The white imp shouts!
You hear a shout!
The gnoll completely misses you. The white imp gestures at you.
The puff of frost hits you.
* * * LOW HITPOINT WARNING * * *
The gnoll hits you from afar with a +0 halberd.
* * * LOW HITPOINT WARNING * * *
You block the gnoll's attack. The gnoll barely misses you.
An orc comes into view. It is wielding a +0 mace.
You block the white imp's attack.
An orc comes into view. It is wielding a +0 flail of venom.
The orc misses you. The gnoll hits you but does no damage.
The gnoll completely misses you. The gnoll hits you but does no damage.
The gnoll closely misses you. The white imp gestures at you.
The puff of frost hits you.
* * * LOW HITPOINT WARNING * * *
The orc completely misses you. The gnoll barely misses you.
The gnoll hits you from afar with a +0 halberd.
You die...

# ## ##...##.. ##.# .
#..#..... #.b..#.
#..#..... ...
#..###.#####.# ###..
#.......##... ..o#
###†#.......# ...##
##..##......#
#o.###..###.......
#@.##...###.......
#.og..............
#5.g..............
##.#.....g..........
#...................
#...................
#....##...............
..... ##..............
.##.. .....#..........


You could see a gnoll shaman, 2 gnolls, a white imp and 3 orcs.

Vanquished Creatures
  3 adders
  A worm (D:2)
  A dart slug (D:1)
  3 orcs (D:2)
  7 endoplasms
  9 goblins
  8 hobgoblins
  A quokka (D:1)
  2 ball pythons (D:2)
  3 bats
  A frilled lizard (D:2)
  4 kobolds
  4 rats
47 creatures vanquished.

Vanquished Creatures (others)
  An orc priest (D:2)
  An orc (D:2)
2 creatures vanquished.

Grand Total: 49 creatures vanquished

Notes
Turn   | Place    | Note
-------+----------+-------------------------------------------
     0 | D:1      | safid the Hill Orc Fighter began the quest for the Orb.
     0 | D:1      | Reached XP level 1. HP: 19/19 MP: 1/1
   181 | D:1      | Reached XP level 2. HP: 27/27 MP: 2/2
   196 | D:1      | Found a faded altar of an unknown god.
   622 | D:1      | Reached XP level 3. HP: 33/33 MP: 3/3
  1436 | D:2      | Became a worshipper of Beogh the Brigand
  1525 | D:2      | Reached XP level 4. HP: 40/40 MP: 4/4
  2073 | D:3      | Found a white marble altar of Elyvilon.
  2073 | D:3      | You fall into a shaft and drop 2 floors!
  2073 | D:5      | Entered Level 5 of the Dungeon
  2097 | D:5      | Found a staircase to the Ecumenical Temple.
  2157 | D:5      | HP: 1/40 [white imp/puff of frost (6)]
  2157 | D:5      | Slain by a gnoll

Illustrated notes

Levels and vault maps discovered:
D:1:      nzn_arrival_settlement, layout_basic, basic_ecumenical_altar,
          grunt_decor_junction, hangedman_decor_diamond_cutter,
          minmay_misc_feat_doors
D:2:      layout_basic
D:3:      gammafunk_steamed_eel, layout_basic, nicolae_elyvilon_peaceful_grove,
          grunt_temple_overflow_open, serial_aquarium,
          aquarium_bridge_island_small [aquarium_subvault_small_water,
          aquarium_subvault_balcony, aquarium_subvault_wall,
          aquarium_subvault_bridge, aquarium_subvault_window],
          aquarium_window_corner, aquarium_window_1, aquarium_window_2,
          aquarium_view_2c, aquarium_view_2c, uniq_ijyb
D:5:      layout_cave_pools, minmay_temple_entry_butterflies, serial_shops,
          shop_statue

Skill      XL: |  1  2  3  4 |
---------------+-------------+-----
Axes           | 3 4 |  4.0
Fighting       | 4 |  4.0
Shields        | 4 |  4.2
Armour         | 4 |  4.0

Action                   |  1- 3 |  4- 6 || total
-------------------------+-------+-------++-------
Melee: War axe           |    18 |       ||    18
       Whip              |    72 |    30 ||   102
Invok: Convert to Beogh  |     1 |       ||     1
Armor: Scale mail        |    34 |    13 ||    47
Dodge: Dodged            |    30 |    23 ||    53
Block: Kite shield       |    61 |    18 ||    79
